 Dungeon Crawl Stone Soup version 0.29.1-14-g9c671dbff4 (webtiles) character file.

Game seed: 4008866147849654532

69 Gabide the Trooper (level 4, -3/40 HPs)
             Began as a Ghoul Gladiator on Feb 18, 2023.
             Slain by Crazy Yiuf
             ... wielding a +3 quarterstaff of chaos
              (10 damage)
             ... while paralysed by Crazy Yiuf
             ... on level 2 of the Dungeon.
             The game lasted 00:02:36 (1673 turns).

Gabide the Trooper (Ghoul Gladiator)                Turns: 1673, Time: 00:02:36

Health: -3/40      AC:  6    Str: 19    XL:     4   Next: 20%
Magic:  3/3        EV:  2    Int:  3    God:
Gold:   154        SH:  0    Dex: 10    Spells: 3/3 levels left

rFire   . . .      SeeInvis .   o - +2 sling (flame)
rCold   + . .      Faith    .   (no shield)
rNeg    + + +      Spirit   .   h - +0 ring mail
rPois   ∞          Reflect  .   b - +0 helmet
rElec   .          Harm     .   (no cloak)
rCorr   .          Rampage  .   (no gloves)
Will    .....                   (no boots)
Stlth   ..........              (no amulet)
HPRegen 0.00/turn               (no ring)
MPRegen 0.08/turn               (no ring)

@: paralysed, inhibited regen
A: claws 1, cold resistance 1, negative energy resistance 3, inhibited
regeneration, torment resistance 2, devour on kill
a: no special abilities


You were on level 2 of the Dungeon.
You visited 1 branch of the dungeon, and saw 2 of its levels.

You collected 154 gold pieces.

Inventory:

Hand Weapons
 o - a +2 sling of flaming (weapon)
Missiles
 a - 19 stones
 c - 2 throwing nets
 d - a javelin
Armour
 b - a +0 helmet (worn)
 h - a +0 ring mail (worn)
Jewellery
 i - an amulet of magic regeneration
Scrolls
 e - a scroll of fog {unknown}
 f - a scroll of enchant weapon {unknown}
 g - a scroll of teleportation {unknown}
 m - 2 scrolls of vulnerability {unknown}
 n - a scroll of magic mapping {unknown}
Potions
 j - a potion of brilliance {unknown}
 k - a potion of degeneration {unknown}
 l - 2 potions of curing {unknown}


   Skills:
 - Level 4.0 Fighting
 - Level 1.7 Throwing
 + Level 3.0 Dodging
 - Level 4.0 Unarmed Combat


You had 3 spell levels left.
You didn't know any spells.
Your spell library was empty.

Dungeon Overview and Level Annotations

Branches:
Dungeon (2/15)

Altars:

Annotations:
D:2 Crazy Yiuf


Innate Abilities, Weirdness & Mutations

You are immune to poison.
You have sharp fingernails.
Your flesh is cold resistant. (rC+)
You are immune to negative energy. (rN+++)
You do not regenerate when monsters are visible.
You are immune to unholy pain and torment.
You thrive by killing the living.


Message History

No target in view!
No target in view!
You see here a +2 sling of flaming.
o - a +2 sling of flaming Your +2 sling of flaming bursts into flame!
o - a +2 sling of flaming (weapon)
You see here a +0 whip.
a - 19 stones (gained 5)
You now have 142 gold pieces (gained 2).
You now have 154 gold pieces (gained 12).
You see here 5 poisoned darts.
There is a stone staircase leading down here.
Key pressed, stopping explore.
Crazy Yiuf shouts!
Crazy Yiuf screams, "Peeping!"
Could not explore, unopened runed door.
Press: ? - help, v - describe, . - travel
Here: Crazy Yiuf, wielding a +3 quarterstaff of chaos and wearing a +0 cloak (fire blocked by a runed translucent door)
The floor.
Unknown command.
Okay, then.
Unknown command.
As you open the door, it creaks loudly!
Throw: 3 throwing nets
Press: ? - help, Shift-Dir - straight line, f - Crazy Yiuf
Aim: Crazy Yiuf, wielding a +3 quarterstaff of chaos and wearing a +0 cloak (61% to hit)
You throw a throwing net.
The throwing net closely misses Crazy Yiuf.
Crazy Yiuf hits you with a +3 quarterstaff of chaos.
You suddenly lose the ability to move!
Crazy Yiuf hits you with a +3 quarterstaff of chaos!
Crazy Yiuf freezes you.
Crazy Yiuf yells, "Ghoul down hand!"
Crazy Yiuf hits you with a +3 quarterstaff of chaos!
* * * LOW HITPOINT WARNING * * *
Crazy Yiuf burns you.
* * * LOW HITPOINT WARNING * * *
Crazy Yiuf hits you but does no damage.
Crazy Yiuf hits you with a +3 quarterstaff of chaos!
You die...

.....# #....###.......# ...[.#
#....# #.<.....# .....# ♣..PP♣
#>......# .....# ♣♣.P.♣
#.......# .....# ### ♣♣.♣♣
#.......# .†...#####.# ♣♣.♣
#...>#### ...(.......# ♣.♣♣
###...# ..########## ♣♣.♣
#.#.# ...## ♣@♣♣ ###.#.#
#[..## #g# #.....## ###..#####
... #......## #......### #...#
#.......# #........# #)(.#
#.......# # #.#....#.# #####
#.......# # #.##....##
#.......# ###........#
######.......#
.##.##.....######............#


You could see Crazy Yiuf.

Vanquished Creatures
  2 adders (D:2)
  A worm (D:2)
  6 ball pythons
  2 endoplasms (D:1)
  2 giant cockroaches
  3 goblins (D:1)
  6 hobgoblins
  8 jackals
  A quokka (D:1)
  6 bats
  2 frilled lizards
  3 kobolds (D:1)
  A rat (D:1)
43 creatures vanquished.

Notes
Turn   | Place    | Note
-------+----------+-------------------------------------------
     0 | D:1      | Gabide the Ghoul Gladiator began the quest for the Orb.
     0 | D:1      | Reached XP level 1. HP: 17/17 MP: 0/0
   163 | D:1      | Reached XP level 2. HP: 21/25 MP: 1/1
   626 | D:1      | Reached XP level 3. HP: 33/33 MP: 2/2
  1078 | D:2      | Reached XP level 4. HP: 28/40 MP: 3/3
  1408 | D:2      | Found a runed translucent door.
  1409 | D:2      | Noticed Crazy Yiuf
  1497 | D:2      | Found a faded altar of an unknown god.
  1669 | D:2      | Paralysed by Crazy Yiuf for 5 turns
  1673 | D:2      | Slain by Crazy Yiuf

Illustrated notes

Levels and vault maps discovered:
D:1:      dpeg_arrival_stone_temple_mockup, layout_basic
D:2:      layout_rooms, basic_altar,
          dreamdust_ecumenical_altar_hidden_monk_grotto,
          wander_ebering_terrifying_dragon_lair, uniq_crazy_yiuf_cottage

Skill      XL: |  1  2  3  4 |
---------------+-------------+-----
Fighting       | 3 4 |  4.0
Unarmed Combat | 4 |  4.0
Dodging        | 3 |  3.0
Throwing       | |  1.7

Action                   |  1- 3 |  4- 6 || total
-------------------------+-------+-------++-------
Melee: Unarmed           |   115 |    31 ||   146
       Punch             |     3 |     1 ||     4
Throw: Throwing net      |       |     1 ||     1
Armor: Leather armour    |    32 |       ||    32
       Ring mail         |    15 |    14 ||    29
Dodge: Dodged            |    76 |    16 ||    92
